 Seeded DCSS version 0.29.1-4-g47bece8355 (webtiles) character file.

Game seed: 20221206 (custom seed)

4 jessy the Shield-Bearer (level 2, 0/20 HPs)
             Began as a Meteoran Wanderer on Dec 6, 2022.
             Slain by a jackal (3 damage)
             ... on level 1 of the Dungeon.
             The game lasted 00:01:39 (419 turns).

jessy the Shield-Bearer (Meteoran Wanderer)          Turns: 419, Time: 00:01:39

Health: 0/20       AC:  5    Str:  9    XL:     2   Next: 0%
Magic:  8/8        EV: 12    Int: 13    God:
Gold:   15         SH:  5    Dex: 17    Spells: 8/9 levels left

rFire   . . .      SeeInvis .   e - +0 mace
rCold   . . .      Faith    .   b - +0 buckler
rNeg    . . .      Spirit   .   d - +2 leather armour
rPois   .          Reflect  .   (no helmet)
rElec   .          Harm     .   (no cloak)
rCorr   .          Rampage  .   (no gloves)
Will    .....                   (no boots)
Stlth   +.........              (no amulet)
HPRegen 0.06/turn               (no ring)
MPRegen 0.11/turn               (no ring)

@: glowing
A: sense surroundings 1, otherworldly, glowing, explore regen
a: no special abilities


You were on level 1 of the Dungeon.
You visited 1 branch of the dungeon, and saw 1 of its levels.

You collected 15 gold pieces.

Inventory:

Hand Weapons
 a - a +0 dagger
 e - a +0 mace (weapon)
Missiles
 f - 9 stones
Armour
 b - a +0 buckler (worn)
 d - a +2 leather armour (worn)
Potions
 c - a potion of haste


   Skills:
 + Level 0.6 Maces & Flails
 + Level 3.7 Dodging
 + Level 4.8 Shields
 + Level 4.1 Spellcasting


You had 8 spell levels left.
You knew the following spells:

 Your Spells              Type           Power      Damage    Failure   Level
a - Freeze                Ice            8%         1d3       36%         1

Your spell library contained the following spells:

 Spells                   Type           Power      Damage    Failure   Level
 Ozocubu's Armour         Ice            2%         N/A       73%         3


Dungeon Overview and Level Annotations

Branches:
Dungeon (1/15) Zot: 162

Altars:


Innate Abilities, Weirdness & Mutations

You passively map a small area around you.
You are easily found by Zot.
You glow in the dark.
You regain HP and MP as you explore.


Message History

You block the jackal's attack. The jackal misses you.
You barely miss the jackal. The jackal closely misses you.
The jackal bites you.
The jackal bites you but does no damage.
You block the jackal's attack.
You barely miss the jackal. The jackal bites you.
* * * LOW HITPOINT WARNING * * *
The jackal barely misses you. The jackal misses you.
The jackal barely misses you.
You closely miss the jackal. You block the jackal's attack.
The jackal barely misses you. The jackal bites you.
* * * LOW HITPOINT WARNING * * *
You block the jackal's attack.
You hit the jackal.
The jackal is moderately wounded.
You block the jackal's attack. The jackal closely misses you.
You block the jackal's attack. x2
You hit the jackal but do no damage.
The jackal is moderately wounded.
The jackal barely misses you.
The jackal bites you but does no damage. x2
The jackal misses you.
You hit the jackal but do no damage.
The jackal is moderately wounded.
The jackal barely misses you.
The jackal bites you but does no damage.
The jackal closely misses you. x2
You barely miss the jackal.
The jackal is moderately wounded.
You block the jackal's attack. The jackal closely misses you.
The jackal bites you but does no damage.
You block the jackal's attack. The jackal attacks as you move away!
You block the jackal's attack. The jackal attacks as you move away!
You block the jackal's attack. The jackal completely misses you.
The jackal attacks as you move away! The jackal bites you.
* * * LOW HITPOINT WARNING * * *
The jackal attacks as you move away! The jackal barely misses you.
The jackal bites you.
You die...

#...~≈~≈≈≈≈≈≈≈≈≈≈≈~
#...~≈≈≈≈≈≈≈≈≈≈≈≈≈≈
#...~≈≈#'#'#≈≈≈≈≈≈≈
#...~≈≈'...##'###'#
#...≈≈≈'...#.......
#...~~≈#'#'#.#####.
#....~~≈≈#...#...#.
#..⌠..~≈~'.⌠.'.<.##
#.@⌠..~~≈'.⌠.'...##
#.hh.~~≈≈#...#...#.
#...~≈≈#'###)#####.
##.h.≈≈≈'...'.......
#....~≈≈'...##'###'#
#....~≈≈#'#'#≈≈≈≈≈≈≈
#....~≈≈≈≈≈≈≈≈≈≈≈≈≈≈
#....~≈≈≈≈≈≈≈≈≈≈≈≈≈≈
#....~~~~~≈~≈w~~~~~~


You could see 3 jackals.

Vanquished Creatures
  2 ball pythons (D:1)
  A bat (D:1)
  A frilled lizard (D:1)
  A kobold (D:1)
5 creatures vanquished.

Notes
Turn   | Place    | Note
-------+----------+-------------------------------------------
     0 | D:1      | jessy the Meteoran Wanderer began the quest for the Orb.
     0 | D:1      | jessy set off with the following items: a +0 dagger, a +0
                  | buckler, a potion of haste, a +2 leather armour; and the
                  | following spell memorised: Freeze; and the following spells
                  | available to memorise: Ozocubu's Armour.
     0 | D:1      | Reached XP level 1. HP: 14/14 MP: 6/6
   388 | D:1      | Reached XP level 2. HP: 8/20 MP: 8/8
   419 | D:1      | Slain by a jackal

Illustrated notes

Levels and vault maps discovered:
D:1:      dpeg_arrival_castle, layout_rooms, basic_ecumenical_altar,
          wander_ebering_terrifying_dragon_lair

Action                   || total
-------------------------++-------
Melee: Mace              ||    37
Armor: Leather armour    ||    30
Dodge: Dodged            ||    39
Block: Buckler           ||    34
